 Dungeon Crawl Stone Soup version 0.24-a0-462-ge24419a6ad (webtiles) character file.

Game seed: 2916743566628121562

74 Mrkan the Chopper (level 4, -6/41 HPs)
             Began as a Hill Orc Abyssal Knight on July 2, 2019.
             Was a Believer of Lugonu.
             Mangled by an orc
             ... wielding a +0 flail
              (11 damage)
             ... on level 2 of the Dungeon.
             The game lasted 00:03:42 (1128 turns).

Mrkan the Chopper (Hill Orc Abyssal Knight)         Turns: 1128, Time: 00:03:43

Health: -6/41      AC:  3    Str: 15    XL:     4   Next: 30%
Magic:  6/6        EV: 10    Int: 12    God:    Lugonu [**....]
Gold:   54         SH:  0    Dex: 10    Spells: 3/3 levels left

rFire    . . .     SeeInvis .   a - +1 hand axe
rCold    . . .     Gourm    .   (no shield)
rNeg     . . .     Faith    .   b - +0 leather armour
rPois    .         Spirit   .   (no helmet)
rElec    .         Reflect  .   (no cloak)
rCorr    .         Harm     .   (no gloves)
MR       .....                  (no boots)
Stlth    +.........             (no amulet)
HPRegen  0.13/turn              (no ring)
MPRegen  0.10/turn              (no ring)

@: drained
A: no striking features
a: Depart the Abyss, Bend Space, Renounce Religion


You were on level 2 of the Dungeon.
You worshipped Lugonu.
Lugonu was pleased with you.
You were not hungry.

You visited 1 branch of the dungeon, and saw 2 of its levels.
You visited the Abyss 1 time.

You collected 54 gold pieces.

Inventory:

Hand Weapons
 a - a +1 hand axe (weapon)
Missiles
 h - 32 stones (quivered)
Armour
 b - a +0 leather armour (worn)
Jewellery
 f - an uncursed amulet of harm
 l - a +4 ring of intelligence {unknown}
Scrolls
 d - a scroll of magic mapping {unknown}
 e - 2 scrolls of teleportation {unknown}
 g - a scroll of remove curse {unknown}
 k - a scroll of fog {unknown}
 m - a scroll of noise {unknown}
 n - a scroll of amnesia {unknown}
Potions
 p - a potion of haste {unknown}
Comestibles
 c - 3 rations
 i - 2 chunks of flesh


   Skills:
 + Level 4.3(3.4) Fighting
 * Level 4.6(3.6) Axes
 - Level 2.1(1.3) Armour
 - Level 0.7(0.0) Dodging
 + Level 3.5(2.6) Invocations


You had 3 spell levels left.
You didn't know any spells.
Your spell library was empty.

Dungeon Overview and Level Annotations

Branches:
Dungeon (2/15)

Altars:


Message History

You barely miss the leopard gecko. The leopard gecko bites you.
* * * LOW HITPOINT WARNING * * *
You slash the leopard gecko!
You kill the leopard gecko!
Lugonu accepts your kill.
You hit the rat.
You kill the rat!
Lugonu accepts your kill. The orc hits you with a +0 flail!
* * * LOW HITPOINT WARNING * * *
Items here: $ )) †††† You hit the orc but do no damage.
The orc barely misses you.
You barely miss the orc.
A hobgoblin comes into view. It is wielding a +0 club.
The orc barely misses you.
You barely miss the orc.
The hobgoblin shouts!
The orc closely misses you.
You closely miss the orc. The orc hits you with a +0 flail!
You die...

#######.#.#..#
#......# #.#.##.#
#####.<# #.#.##.#
#..# ######
#.#.##.##
#.†######.....
..#.##..#
#..<.....†....
###.###.#
#.#######.....
..# #.# #.#
#.....
.#######.######.#
#.....
#........go@....#
######
##......#.####..#
g'.####....# #..#
. ##...# #..#
#.... #..#
#....##..#
#..#.##..#
..##.##..# #..#


You could see an orc and a hobgoblin.

Vanquished Creatures
  2 adders (D:2)
  An ooze (D:1)
  A worm (D:2)
  A dart slug (D:1)
  2 leopard geckos
  A ball python (D:1)
  5 giant cockroaches
  6 goblins
  5 hobgoblins
  7 bats
  2 frilled lizards (D:2)
  3 kobolds
  9 rats
45 creatures vanquished.

Notes
Turn   | Place    | Note
-------+----------+-------------------------------------------
     0 | Abyss:1  | Mrkan the Hill Orc Abyssal Knight began the quest for the
                  | Orb.
     0 | Abyss:1  | Reached XP level 1. HP: 19/19 MP: 2/2
    28 | Abyss:1  | Noticed a small abomination
    32 | Abyss:1  | Noticed a wight
    36 | D:1      | Escaped the Abyss
   158 | D:1      | Reached XP level 2. HP: 16/27 MP: 4/4
   165 | D:1      | Reached * piety under Lugonu
   423 | D:1      | Reached XP level 3. HP: 22/33 MP: 5/5
   962 | D:2      | Reached ** piety under Lugonu
  1000 | D:2      | Reached XP level 4. HP: 17/40 MP: 6/6
  1128 | D:2      | Mangled by an orc

Levels and vault maps discovered:
D:1:      dpeg_arrival_prison, layout_loops_cross
D:2:      layout_basic, first_ration, minmay_joined_circles

Skill      XL: |  1  2  3 |
---------------+----------+-----
Axes           | 3 4 |  4.6
Invocations    | 3 |  3.5
Fighting       | 4 |  4.3
Armour         | |  2.1
Dodging        | |  0.7

Action                   |  1- 3 |  4- 6 || total
-------------------------+-------+-------++-------
Melee: Hand axe          |   138 |    36 ||   174
Invok: Depart the Abyss  |     1 |       ||     1
  Use: Potion            |     2 |     1 ||     3
  Eat: Chunk             |       |     1 ||     1
Armor: Leather armour    |    63 |     5 ||    68
Dodge: Dodged            |    93 |    24 ||   117

Table legend:
 A = Non-vault XP
 B = Vault XP
 C = Vault XP percentage of total XP
 D = Non-vault monster count
 E = Vault monster count
 F = Vault count percentage of total count
                 A         B        C        D         E       F
            +---------+---------+-------+---------+---------+-------
      Total |      94 |      13 |  12.1 |      37 |       8 |  17.8
            +---------+---------+-------+---------+---------+-------
        D:1 |      46 |       6 |  11.5 |      24 |       4 |  14.3
        D:2 |      48 |       7 |  12.7 |      13 |       4 |  23.5
            +---------+---------+-------+---------+---------+-------
